 Dungeon Crawl Stone Soup version 0.23.2-33-g5129a83184 (webtiles) character file.

Game seed: 18206736611106555363

46970 Folque the Destroyer (level 13, -3/96 HPs)
             Began as a Demigod Conjurer on July 13, 2019.
             Slain by a tentacled monstrosity (7 damage)
             ... on level 1 of the Swamp.
             The game lasted 01:28:29 (22713 turns).

Folque the Destroyer (Demigod Conjurer)            Turns: 22713, Time: 01:28:32

Health: -3/96      AC: 12    Str: 16    XL:     13   Next: 69%
Magic:  0/27       EV: 13    Int: 30    God:
Gold:   1135       SH:  0    Dex: 13    Spells: 6/25 levels left

rFire    + . .     SeeInvis .   H - +4 hand axe of Duty {drain, +Inv rF+ Int+2 Dex-3}
rCold    . . .     Gourm    .   (no shield)
rNeg     . . .     Faith    .   S - +0 steam dragon scales
rPois    .         Spirit   .   e - +2 helmet {Int+3}
rElec    .         Reflect  .   u - +1 cloak {MR+}
rCorr    .         Harm     .   (no gloves)
MR       ++...                  (no boots)
Stlth    ++........             Z - amulet of magic regeneration
HPRegen  0.26/turn              q - ring of wizardry
MPRegen  0.45/turn              z - +3 ring of strength

@: constricted
A: high mp 1
a: Evoke Invisibility


You were on level 1 of the Swamp.
You were not hungry.

You visited 3 branches of the dungeon, and saw 18 of its levels.

You collected 1135 gold pieces.

Inventory:

Hand Weapons
 g - a +2 whip of freezing
 H - the +4 hand axe of Duty (weapon) {drain, +Inv rF+ Int+2 Dex-3}
   (You found it on level 4 of the Lair of Beasts)

   A truly terrible weapon, it drains the life of those it strikes.
   It affects your intelligence (+2).
   It affects your dexterity (-3).
   It protects you from fire.
   It lets you turn invisible.
Armour
 e - a +2 helmet of intelligence (worn)
 u - a +1 cloak of magic resistance (worn)
 S - +0 steam dragon scales (worn)
Jewellery
 q - a ring of wizardry (left hand)
 w - a +3 ring of evasion
 z - a +3 ring of strength (right hand)
 B - an uncursed amulet of regeneration
 D - an uncursed amulet of faith
 F - an uncursed ring of resist corrosion {unknown}
 M - an uncursed ring of fire
 N - a +6 ring of slaying {unknown}
 W - the brooch of Shielding {Reflect SH+8}
   (You found it on level 1 of the Lair of Beasts)

   [amulet of reflection]

   It shields you and reflects attacks.
   It affects your SH (+8).
 Y - an uncursed ring of positive energy
 Z - an amulet of magic regeneration (around neck)
Wands
 a - a wand of polymorph (13)
 v - a wand of random effects (78)
 C - a wand of disintegration (30)
 L - a wand of paralysis (9)
 O - a wand of flame (4)
 Q - a wand of acid (11)
 U - a wand of iceblast (8)
 V - a wand of digging (7)
Scrolls
 d - 2 scrolls of fog
 f - 2 scrolls of magic mapping
 i - 10 scrolls of teleportation
 l - 3 scrolls of blinking
 m - 3 scrolls of fear
 p - 7 scrolls of remove curse
 y - 3 scrolls of amnesia
 A - 5 scrolls of enchant weapon
 G - a scroll of vulnerability {unknown}
 X - 2 scrolls of holy word {unknown}
Potions
 b - a potion of invisibility {unknown}
 h - 5 potions of agility
 j - a potion of magic
 k - 2 potions of berserk rage
 o - 7 potions of lignification
 r - 3 potions of haste
 s - 7 potions of curing
 t - 4 potions of flight
 E - 4 potions of might
 J - a potion of brilliance {unknown}
Miscellaneous
 x - a phantom mirror
 I - a phial of floods
 P - a fan of gales
 R - a lightning rod (4/4)
Comestibles
 c - 31 rations
 n - 5 chunks of flesh


   Skills:
 - Level 4.0 Fighting
 - Level 6.4 Armour
 - Level 7.0 Dodging
 - Level 1.7 Stealth
 + Level 6.9 Spellcasting
 * Level 13.4 Conjurations
 - Level 8.2 Hexes
 + Level 8.2 Translocations
 - Level 4.6 Ice Magic
 - Level 5.5 Evocations


You had 6 spell levels left.
You knew the following spells:

 Your Spells              Type           Power        Failure   Level  Hunger
a - Magic Dart            Conj           ####         0%          1    None
b - Searing Ray           Conj           ######       1%          2    None
c - Dazzling Spray        Conj/Hex       ######       1%          3    None
d - Fulminant Prism       Conj/Hex       ######....   1%          4    ##.....
e - Force Lance           Conj/Tloc      ######..     1%          4    ##.....
f - Metabolic Englaciati  Hex/Ice        #####.....   4%          5    ####...

Your spell library contained the following spells:

 Spells                   Type           Power        Failure   Level  Hunger
 Animate Skeleton         Necr           N/A          1%          1    None
 Beastly Appendage        Tmut           ##....       1%          1    None
 Confusing Touch          Hex            ######       1%          1    None
 Pain                     Necr           ##..         1%          1    None
 Sting                    Conj/Pois      ####         1%          1    None
 Confuse                  Hex            ######..     1%          3    None
 Gell's Gravitas          Tloc           ######....   1%          3    None
 Mephitic Cloud           Conj/Pois/Air  #####...     1%          3    None
 Static Discharge         Conj/Air       ######..     1%          3    None
 Iskenderun's Mystic Bla  Conj           ######..     1%          4    ##.....
 Poisonous Vapours        Pois/Air       ##....       3%          2    None
 Sticks to Snakes         Tmut           ##......     3%          2    None
 Lightning Bolt           Conj/Air       ######....   3%          5    ####...
 Venom Bolt               Conj/Pois      ######....   3%          5    ####...
 Regeneration             Chrm/Necr      ##........   6%          3    None
 Spider Form              Tmut/Pois      ##........   6%          3    None
 Vampiric Draining        Necr           ##........   6%          3    None
 Ice Form                 Ice/Tmut       ###.....     8%          4    ##.....
 Yara's Violent Unravell  Hex/Tmut       #####.....   10%         5    ####...
 Animate Dead             Necr           N/A          19%         4    ##.....
 Olgreb's Toxic Radiance  Pois           ##......     19%         4    ##.....
 Petrify                  Tmut/Erth      ##......     19%         4    ##.....
 Blade Hands              Tmut           ##........   45%         5    ####...
 Ignition                 Fire           ##........   100%        8    #######
 Shatter                  Erth           ##........   100%        9    #######
 Tornado                  Air            ##........   100%        9    #######


Dungeon Overview and Level Annotations

Branches:
Dungeon (11/15)            Temple (0/1) D:7            Lair (6/6) D:9
  Swamp (1/4) Lair:2        Snake (0/4) Lair:4        Slime (0/5) Lair:5
    Orc (0/2) D:11

Annotations:
Lair:5 1 runed translucent door
Lair:6 2 runed translucent doors


Innate Abilities, Weirdness & Mutations

You have an increased reservoir of magic. (+10% MP)


Message History

The searing ray hits the tentacled monstrosity!
The tentacled monstrosity is severely wounded.
The tentacled monstrosity tentacle-slaps you! x2
The tentacled monstrosity misses you.
The tentacled monstrosity constricts you.
The searing ray hits the tentacled monstrosity!
The tentacled monstrosity is almost dead.
The tentacled monstrosity tentacle-slaps you.
* * * LOW HITPOINT WARNING * * *
The tentacled monstrosity closely misses you.
The tentacled monstrosity tentacle-slaps you.
* * * LOW HITPOINT WARNING * * *
x2 The tentacled monstrosity constricts you.
The searing ray hits the tentacled monstrosity!!
The tentacled monstrosity is almost dead.
You finish channeling your searing ray.
The tentacled monstrosity tentacle-slaps you!
* * * LOW HITPOINT WARNING * * *
The tentacled monstrosity tentacle-slaps you!
You die...

♣♣♣ ♣♣.♣♣
♣♣♣.≈.♣
♣♣.≈.≈♣♣
♣♣.≈>.♣♣
♣♣≈≈≈.♣♣
♣♣@≈≈≈.♣
♣.X≈≈≈.♣
♣♣.≈≈≈≈♣♣
.♣♣..≈≈≈.♣
....≈≈≈♣.♣♣
≈.≈♣≈≈≈≈..♣♣♣
≈≈.≈≈≈≈≈≈≈...♣
§..≈≈≈♣≈♣≈..♣♣
.≈≈≈≈≈≈≈≈.≈♣♣♣


You could see a tentacled monstrosity.

Vanquished Creatures
  8 hydras
  2 alligators (Swamp:1)
  A two-headed ogre (D:9)
  A death yak (Lair:4)
  3 spriggans (Swamp:1)
  A fire crab (Lair:6)
  An unseen horror (D:10)
  4 black mambas
  A torpor snail (Lair:2)
  12 spiny frogs
  2 molten gargoyles (Lair:6)
  A centaur skeleton (D:11)
  12 komodo dragons
  2 rime drakes
  2 trolls
  A meliai (shapeshifter) (D:10)
  3 polar bears
  2 tyrant leeches (Swamp:1)
  4 hornets (Swamp:1)
  7 blink frogs
  A bog body (Swamp:1)
  6 hippogriffs
  11 dream sheep
  6 wyverns
  A wraith (D:11)
  38 yaks
  8 vampire mosquitoes
  6 basilisks
  2 hungry ghosts
  5 steam dragons
  3 swamp worms (Swamp:1)
  9 water moccasins
  5 insubstantial wisps
  2 nagas (Lair:4)
  2 hell hounds (Lair:6)
  9 porcupines
  14 orc warriors
  2 swamp drakes (Lair:6)
  3 black bears
  5 ice beasts
  An eye of draining (D:10)
  A hornet zombie (D:11)
  A phantom (D:4)
  A sky beast (D:5)
  4 ogres
  7 centaurs
  15 crocodiles
  3 big kobolds
  17 bullfrogs
  A wyvern zombie (D:10)
  6 scorpions
  4 killer bees
  3 wights (D:9)
  2 howler monkeys
  An electric eel (Lair:3)
  7 crimson imps
  A centaur zombie (D:5)
  5 lava snakes (Lair:6)
  A bullfrog skeleton (D:7)
  4 hounds
  5 orc priests
  3 jellies
  12 orc wizards
  Crazy Yiuf (D:3)
  2 iguanas
  5 worker ants
  3 hound skeletons
  A hound zombie (D:10)
  A howler monkey zombie (D:9)
  3 worker ant zombies
  4 gnolls (D:5)
  12 adders
  A shadow imp (D:8)
  An adder skeleton (D:7)
  An adder zombie (D:5)
  3 worms
  3 dart slugs
  4 leopard geckos
  39 orcs
  7 giant cockroaches
  11 hobgoblins
  13 jackals
  7 quokkas
  2 ball pythons
  4 bats
  6 frilled lizards
  6 goblins
  A jackal skeleton (D:6)
  17 kobolds
  A quokka zombie (D:5)
  8 rats
  A butterfly (D:7)
  3 fungi (Lair:6)
  A plant (Lair:6)
485 creatures vanquished.

Vanquished Creatures (collateral kills)
  A crocodile (Lair:6)
  A fungus (Lair:6)
2 creatures vanquished.

Vanquished Creatures (others)
  A vampire mosquito (Lair:2)
  A hell hound (Lair:6)
  A sky beast (D:9)
  2 kobolds (D:11)
  82 fulminant prisms
  21 fungi
  7 plants
115 creatures vanquished.

Grand Total: 602 creatures vanquished

Notes
Turn   | Place    | Note
-------+----------+-------------------------------------------
     0 | D:1      | Folque the Demigod Conjurer began the quest for the Orb.
     0 | D:1      | Reached XP level 1. HP: 14/14 MP: 5/5
   123 | D:1      | Reached XP level 2. HP: 22/22 MP: 1/7
   150 | D:1      | Reached skill level 4 in Conjurations
   635 | D:1      | Reached skill level 1 in Fighting
   651 | D:1      | HP: 1/23 [kobold (3)]
   682 | D:1      | Learned a level 2 spell: Searing Ray
   873 | D:1      | Reached XP level 3. HP: 16/28 MP: 8/8
  1626 | D:2      | Reached XP level 4. HP: 34/35 MP: 7/10
  2096 | D:3      | Found a runed translucent door.
  2097 | D:3      | Noticed Crazy Yiuf
  2103 | D:3      | Killed Crazy Yiuf
  2162 | D:3      | Found a glowing golden altar of the Shining One.
  2541 | D:3      | Found a burning altar of Makhleb.
  2550 | D:3      | Reached XP level 5. HP: 29/40 MP: 8/13
  2586 | D:3      | Found a white marble altar of Elyvilon.
  2668 | D:3      | Learned a level 3 spell: Dazzling Spray
  2673 | D:3      | Learned a level 4 spell: Fulminant Prism
  3210 | D:4      | Reached skill level 1 in Hexes
  3316 | D:4      | Noticed an ogre
  3320 | D:4      | Killed an ogre
  3320 | D:4      | Reached skill level 5 in Conjurations
  3320 | D:4      | Reached XP level 6. HP: 47/47 MP: 9/14
  3523 | D:4      | Found a bloodstained altar of Trog.
  3768 | D:4      | Found a shimmering altar of Xom.
  3777 | D:4      | Found a shadowy altar of Dithmenos.
  4037 | D:5      | Entered Level 5 of the Dungeon
  4309 | D:5      | Reached XP level 7. HP: 18/52 MP: 8/16
  4315 | D:5      | Learned a level 4 spell: Force Lance
  4664 | D:5      | Found a hazy altar of Hepliaklqana.
  5038 | D:6      | Reached skill level 6 in Conjurations
  5038 | D:6      | Reached skill level 5 in Hexes
  5086 | D:6      | Noticed a hungry ghost
  5142 | D:6      | Killed a hungry ghost
  5172 | D:6      | Reached XP level 8. HP: 59/59 MP: 10/17
  5396 | D:6      | Reached skill level 1 in Armour
  5801 | D:6      | Found a deep blue altar of Sif Muna.
  6281 | D:6      | Reached skill level 7 in Conjurations
  6324 | D:6      | Found a sacrificial altar of Ru.
  6556 | D:7      | Found a staircase to the Ecumenical Temple.
  6657 | D:7      | Found an opulent altar of Gozag.
  6870 | D:7      | Found a snail-covered altar of Cheibriados.
  7035 | D:7      | Got a bloodstained ring mail
  7036 | D:7      | Identified the +1 ring mail of the Thirteen Yaks {*Corrode
                  | *Drain Str+4 Dex+9} (You found it on level 7 of the
                  | Dungeon)
  7172 | D:8      | Reached XP level 9. HP: 62/64 MP: 3/18
  7315 | D:8      | Reached skill level 5 in Armour
  7334 | D:8      | Found a blossoming altar of Fedhas.
  7763 | D:8      | Reached skill level 1 in Translocations
  8033 | D:8      | Found a snail-covered altar of Cheibriados.
  8539 | D:9      | Noticed a two-headed ogre
  8546 | D:9      | Killed a two-headed ogre
  8656 | D:9      | Reached XP level 10. HP: 71/71 MP: 15/20
  9314 | D:9      | Found a staircase to the Lair.
  9413 | D:9      | Reached skill level 8 in Conjurations
  9585 | D:9      | Found a stormy altar of Qazlal.
  9650 | D:10     | Entered Level 10 of the Dungeon
  9657 | D:10     | Reached skill level 1 in Evocations
 10084 | D:10     | Killed an unseen horror
 10226 | D:10     | Reached skill level 5 in Dodging
 10231 | D:10     | Noticed a four-headed hydra
 10236 | D:10     | Noticed a green ugly thing
 10565 | D:10     | Killed a four-headed hydra
 10848 | D:10     | Reached skill level 9 in Conjurations
 11116 | D:11     | Reached XP level 11. HP: 59/77 MP: 9/21
 11236 | D:11     | Found a roughly hewn altar of Beogh.
 11237 | D:11     | Found a staircase to the Orcish Mines.
 11372 | D:11     | Noticed a two-headed ogre
 11403 | D:11     | Noticed a two-headed ogre
 11418 | D:11     | Noticed a two-headed ogre
 11640 | D:11     | Noticed a two-headed ogre
 11874 | Lair:1   | Entered Level 1 of the Lair of Beasts
 11975 | Lair:1   | Found the brooch of Shielding {Reflect SH+8}
 12375 | Lair:1   | Reached skill level 10 in Conjurations
 13351 | Lair:2   | Noticed a six-headed hydra
 13363 | Lair:2   | Killed a six-headed hydra
 13363 | Lair:2   | Reached skill level 5 in Evocations
 13865 | Lair:2   | Reached skill level 11 in Conjurations
 14080 | Lair:2   | Found a staircase to the Swamp.
 14273 | Lair:3   | Reached XP level 12. HP: 91/91 MP: 5/22
 14546 | Lair:3   | Learned a level 5 spell: Metabolic Englaciation
 14677 | Lair:3   | Reached skill level 1 in Ice Magic
 15096 | Lair:3   | Noticed a six-headed hydra
 15107 | Lair:3   | Killed a six-headed hydra
 15107 | Lair:3   | Reached skill level 5 in Translocations
 15565 | Lair:4   | Found a staircase to the Snake Pit.
 16441 | Lair:4   | Got a scorched hand axe
 16846 | Lair:5   | Noticed a six-headed hydra
 17376 | Lair:5   | Killed a six-headed hydra
 17475 | Lair:5   | Reached skill level 5 in Spellcasting
 17647 | Lair:5   | Noticed a four-headed hydra
 17663 | Lair:5   | Killed a four-headed hydra
 17862 | Lair:5   | Identified the +4 hand axe of Duty {drain, +Inv rF+ Int+2
                  | Dex-3} (You found it on level 4 of the Lair of Beasts)
 17891 | Lair:5   | Reached skill level 12 in Conjurations
 18119 | Lair:5   | Found a runed translucent door.
 18122 | Lair:5   | Noticed an acid blob
 18123 | Lair:5   | Found a viscous altar of Jiyva.
 18124 | Lair:5   | Found a staircase to the Slime Pits.
 18124 | Lair:5   | Noticed an acid blob
 18273 | Lair:6   | Entered Level 6 of the Lair of Beasts
 18949 | Lair:6   | Reached XP level 13. HP: 78/96 MP: 11/25
 20397 | Lair:6   | Reached skill level 13 in Conjurations
 20422 | Lair:6   | Found a large runed translucent door.
 20424 | Lair:6   | Found a large runed translucent door.
 20732 | Swamp:1  | Entered Level 1 of the Swamp
 21540 | Swamp:1  | Paralysed by a hornet for 3 turns
 21841 | Swamp:1  | Paralysed by a hornet for 2 turns
 22696 | Swamp:1  | Noticed a tentacled monstrosity
 22713 | Swamp:1  | HP: 4/96 [tentacled monstrosity (13)]
 22713 | Swamp:1  | Slain by a tentacled monstrosity

Skill      XL: |  1  2  3  4  5  6  7  8  9 10 11 12 13 |
---------------+----------------------------------------+-----
Spellcasting   | 2 3 4 5 6 |  6.9
Conjurations   | 4 5 6 7 9 11 12 13 | 13.4
Fighting       | 1 3 4 |  4.0
Hexes          | 1 3 5 6 8 |  8.2
Armour         | 4 6 |  6.4
Translocations | 4 6 8 |  8.2
Dodging        | 5 7 |  7.0
Evocations     | 2 5 |  5.5
Ice Magic      | 4 |  4.6
Stealth        | |  1.7

Action                   |  1- 3 |  4- 6 |  7- 9 | 10-12 | 13-15 || total
-------------------------+-------+-------+-------+-------+-------++-------
Melee: Unarmed           |    12 |       |       |       |       ||    12
       Whip              |    92 |    83 |   108 |   238 |       ||   521
       Hand axe          |       |       |       |    24 |    46 ||    70
 Cast: Magic Dart        |    23 |     5 |    31 |    55 |    15 ||   129
       Searing Ray       |     4 |    14 |    52 |    88 |    14 ||   172
       Fulminant Prism   |       |     2 |    13 |    31 |    36 ||    82
       Dazzling Spray    |       |       |    20 |    36 |     8 ||    64
       Force Lance       |       |       |    17 |   145 |    84 ||   246
       Metabolic Englaci |       |       |       |    18 |     3 ||    21
Evoke: Wand              |       |       |     5 |    10 |     5 ||    20
       Phial of floods   |       |       |       |     1 |       ||     1
  Use: Potion            |     3 |       |       |    10 |     3 ||    16
       Scroll            |       |     9 |     1 |    18 |     5 ||    33
 Stab: Sleeping          |     2 |     6 |     1 |     2 |       ||    11
       Invisible         |       |       |     1 |       |       ||     1
  Eat: Chunk             |     2 |     9 |    20 |    51 |    10 ||    92
       Ration            |       |       |       |     3 |     3 ||     6
Armor: Robe              |    30 |    17 |    22 |       |       ||    69
       Skin              |     2 |       |       |       |       ||     2
       Ring mail         |       |       |    21 |    18 |       ||    39
       Steam dragon scal |       |       |       |   152 |    48 ||   200
Dodge: Dodged            |    68 |    73 |   129 |   507 |   141 ||   918
Block: Other             |       |       |       |     1 |       ||     1
